 Dungeon Crawl Stone Soup version 0.31-a0-702-gf82c85558f (webtiles) character file.

Game seed: 16937260020610584563

435 PoweredByGinger the Firebug (level 6, -6/44 HPs)
             Began as a Demonspawn Fire Elementalist on Sept 8, 2023.
             Killed from afar by a steam dragon (24 damage)
             ... with a ball of steam
             ... on level 6 of the Dungeon.
             The game lasted 00:07:37 (3731 turns).

PoweredByGinger the Firebug (DsFE)                  Turns: 3731, Time: 00:07:38

Health: -6/44      AC:  4    Str:  8    XL:     6   Next: 68%
Magic:  10/10      EV: 12    Int: 19    God:
Gold:   200        SH:  0    Dex: 13    Spells: 7/10 levels left

rFire   . . .        r - +0 dagger (vamp)
rCold   . . .        (no shield)
rNeg    . . .        a - +0 robe
rPois   .            e - +0 helmet
rElec   .            (no cloak)
rCorr   .            (no gloves)
SInv    .            d - +0 pair of boots
Will    .....        (no amulet)
Stlth   ++           (no ring)
HPRegen 0.27/turn    (no ring)
MPRegen 0.12/turn

%: no passive effects
@: no status effects
A: hooves 1, powered by death 1, spiny 1
a: no special abilities


You were on level 6 of the Dungeon.
You visited 1 branch of the dungeon, and saw 6 of its levels.

You collected 200 gold pieces.

Inventory:

Hand Weapons
 l - a +1 whip of venom
 r - a +0 vampiric dagger (weapon)
 C - a +2 scythe of freezing
Missiles
 k - 4 boomerangs
 s - 5 javelins
 y - 3 curare-tipped darts
Armour
 a - a +0 robe (worn)
 d - a +0 pair of boots (worn)
 e - a +0 helmet (worn)
Jewellery
 t - an amulet of the acrobat
 B - an amulet of reflection
 E - a ring of see invisible
Talismans
 u - a flux talisman
Wands
 A - a wand of flame (7)
Scrolls
 c - a scroll of poison
 f - a scroll of brand weapon {unknown}
 g - a scroll of vulnerability {unknown}
 j - a scroll of immolation
 m - 2 scrolls of identify {unknown}
 o - a scroll of amnesia {unknown}
 p - a scroll of torment {unknown}
 w - a scroll of enchant armour {unknown}
 D - a scroll of fog {unknown}
Potions
 b - a potion of magic
 h - 3 potions of cancellation {unknown}
 i - 3 potions of brilliance {unknown}
 n - a potion of attraction {unknown}
 q - 2 potions of heal wounds {unknown}
 v - 2 potions of curing {unknown}
 x - 2 potions of degeneration {unknown}
 z - a potion of enlightenment {unknown}


   Skills:
 + Level 2.0 Fighting
 + Level 2.8 Dodging
 + Level 2.9 Stealth
 + Level 2.9 Spellcasting
 * Level 3.4 Conjurations
 * Level 4.2 Fire Magic


You had 7 spell levels left.
You knew the following spells:

 Your Spells              Type           Power      Damage    Failure   Level
a - Foxfire               Conj/Fire      68%        2x1d7     3%          1
b - Scorch                Fire           38%        2d6       4%          2

Your spell library contained the following spells:

 Spells                   Type           Power      Damage    Failure   Level
 Inner Flame              Hex/Fire       10%        N/A       19%         3
 Volatile Blastmotes      Fire/Tloc      20%        2d11      19%         3
 Wereblood                Tmut           2%         N/A       24%         2
 Flame Wave               Conj/Fire      17%        2d7       30%         4
 Tukima's Dance           Hex            2%         N/A       43%         3
 Iskenderun's Mystic Bla  Conj/Tloc      9%         2d4       58%         4
 Dimensional Bullseye     Hex/Tloc       1%         N/A       83%         4
 Irradiate                Conj/Tmut      4%         3d13      91%         5


Dungeon Overview and Level Annotations

Branches:
Dungeon (6/15)
 Temple: D:4-7

Altars:
Okawaru

Shops:
D:1 [

Annotations:
D:5 Grinder


Innate Abilities, Weirdness & Mutations

You have large cloven feet.
You regenerate a little health from kills.
You are partially covered in sharp spines.


Message History

You climb downwards.
There is a stone staircase leading up here.
Unknown command.
An iguana comes into view.
An iguana is nearby!
An iguana is nearby!
An iguana is nearby!
An iguana is nearby!
Found a stone staircase leading down.
Found a plate armour.
A jelly comes into view.
A steam dragon comes into view.
The steam dragon hisses angrily.
Okay, then.
Okay, then.
Casting: Foxfire (safe; 3% risk of failure)
Confirm with . or Enter, or press ? or * to list all spells.
You can't see any susceptible monsters within range! (Use Z to cast anyway.) Unknown command.
Unknown command.
As you read the scroll labelled DEWORE JINA, it crumbles to dust.
The creatures around you are filled with an inner flame!
It was a scroll of immolation.
The air fills with toxic fumes!
As you read the scroll labelled XASUOZ SOUVVEQ, it crumbles to dust.
It was a scroll of poison.
The steam dragon breathes steam at you. The ball of steam hits you!
Unknown command.
Okay, then.
Unknown command.
You are engulfed in a cloud of scalding steam.
Unknown command.
You are engulfed in a cloud of scalding steam.
The steam dragon is engulfed in poison gas.
The steam dragon is poisoned.
Flame seeps out of the steam dragon.
The steam dragon breathes steam at you. The ball of steam hits you!!
Ouch! That really hurt!
You die...

#.# #.# #§§# #.# #§§#
#.# #§.# #.#.#D§#
###########.#.#§§#
..............#§§#
###########.###§§#
..............#§@#
###############§§####
.............§§§§§..#
################§####
...............§§#
##################


You could see a steam dragon (inner flame, poisoned, catching breath).

Vanquished Creatures
  Sigmund (D:4)
  A scorpion (D:4)
  2 hounds
  An orc wizard (D:5)
  8 adders
  2 worms
  2 dart slugs
  4 orcs
  7 endoplasms
  A giant cockroach (D:2)
  4 goblins
  4 hobgoblins
  4 quokkas
  7 ball pythons
  5 bats
  4 frilled lizards
  2 rats (D:1)
59 creatures vanquished.

Vanquished Creatures (others)
  48 foxfires
48 creatures vanquished.

Grand Total: 107 creatures vanquished

Notes
Turn   | Place    | Note
-------+----------+-------------------------------------------
     0 | D:1      | PoweredByGinger the Demonspawn Fire Elementalist began the
                  | quest for the Orb.
     0 | D:1      | Reached XP level 1. HP: 13/13 MP: 3/3
   181 | D:1      | Found Omupp's Armour Boutique.
   485 | D:1      | Reached skill level 3 in Fire Magic
   485 | D:1      | Gained mutation: You are partially covered in sharp spines.
                  | [demonic ancestry]
   485 | D:1      | Reached XP level 2. HP: 19/19 MP: 5/5
  1281 | D:2      | Gained mutation: You regenerate a little health from kills.
                  | [demonic ancestry]
  1281 | D:2      | Reached XP level 3. HP: 17/25 MP: 4/6
  1403 | D:2      | Found a faded altar of an unknown god.
  2037 | D:3      | Reached XP level 4. HP: 21/31 MP: 7/7
  2298 | D:3      | Reached skill level 1 in Fighting
  2443 | D:4      | Noticed Sigmund
  2505 | D:4      | Learned a level 2 spell: Scorch
  2631 | D:4      | Reached XP level 5. HP: 28/37 MP: 8/8
  2768 | D:4      | Killed Sigmund
  2769 | D:4      | Reached skill level 4 in Fire Magic
  2769 | D:4      | Gained mutation: You have large cloven feet. [demonic
                  | ancestry]
  2769 | D:4      | Reached XP level 6. HP: 26/44 MP: 3/10
  2965 | D:4      | Found an iron altar of Okawaru.
  3059 | D:5      | Entered Level 5 of the Dungeon
  3469 | D:5      | Noticed Grinder
  3727 | D:6      | Noticed a steam dragon
  3731 | D:6      | Killed from afar by a steam dragon

Illustrated notes

Levels and vault maps discovered:
D:1:      scummos_arrival_checkerplants, layout_basic, serial_shops,
          nicolae_shop_rolling_square
D:2:      layout_loops_ring, shapermc_ecumenical_altar_mp_urbaneastern
D:3:      layout_rooms
D:4:      layout_rooms, lemuel_doored_altar, uniq_sigmund
D:5:      layout_rooms, uniq_grinder
D:6:      layout_basic, old_standard_altar, mainiacjoe_overflow_paths,
          uniq_duvessa

Skill      XL: |  1  2  3  4  5  6 |
---------------+-------------------+-----
Fire Magic     | 3 4 |  4.2
Dodging        | 2 |  2.8
Stealth        | 2 |  2.9
Conjurations   | 2 3 |  3.4
Fighting       | 1 2 |  2.0
Spellcasting   | |  2.9

Action                     |  1- 3 |  4- 6 || total
---------------------------+-------+-------++-------
  Melee: Unarmed           |    14 |       ||    14
         Short sword       |    18 |       ||    18
         Whip              |    27 |       ||    27
         Dagger            |    27 |    49 ||    76
         Punch             |     1 |       ||     1
   Cast: Foxfire           |    14 |    18 ||    32
         Scorch            |       |     4 ||     4
    Use: Scroll            |       |     2 ||     2
   Stab: Sleeping          |     4 |     5 ||     9
 Armour: Robe              |    45 |    47 ||    92
  Dodge: Dodged            |    59 |    41 ||   100

Table legend: (Time is in decaauts)
 A = Elapsed time spent in this place.
 B = Non-inter-level travel time spent in this place.
 C = Inter-level travel time spent in this place.
 D = Time resting spent in this place.
 E = Time spent auto-exploring this place.
 F = Levels seen in this place.
 G = Mean time per level.
                   A        B        C        D        E       F      G
               +--------+--------+--------+--------+--------+-----+--------+
         Total |   3733 |   3388 |    345 |    632 |   2082 |   6 |  622.2 |
       Dungeon |   3733 |   3388 |    345 |    632 |   2082 |   6 |  622.2 |
               +--------+--------+--------+--------+--------+-----+--------+

Top non-repeatable levels by time:
     D:1: 1111 daAuts
     D:4: 988 daAuts
     D:2: 795 daAuts
     D:3: 574 daAuts
     D:6: 140 daAuts
     D:5: 123 daAuts
